 Dungeon Crawl Stone Soup version 0.17-a0-1393-gcb420ff (webtiles) character file.

3 Steifyn the Ruffian (level 1, -1/18 HPs)
             Began as a Naga Transmuter on June 16, 2015.
             Slain by a hobgoblin
             ... wielding a +0 club
              (4 damage)
             ... on level 1 of the Dungeon.
             The game lasted 00:02:02 (541 turns).

Steifyn the Ruffian (Naga Transmuter)                Turns: 541, Time: 00:02:02

Health: -1/18      AC:  1    Str: 12    XL:     1   Next: 50%
Magic:  2/3        EV: 10    Int: 13    God:
Gold:   44         SH:  0    Dex: 11    Spells: 1 memorised, 3 levels left

rFire  . . .     SeeInvis +     e - +0 spear
rCold  . . .     Clarity  .     b - +0 robe
rNeg   . . .     SustAt   .     (no shield)
rPois  +         Gourm    .     (no helmet)
rElec  .         Spirit   .     (no cloak)
rCorr  .         Warding  .     (no gloves)
rMut   .         Stasis   .     (no barding)
MR     .....                    (no amulet)
Stlth  +.........               (no ring)
                                (no ring)

@: appendage (expiring), very slow, not resistant to hostile enchantments, very
unstealthy
A: horns 2, see invisible, deformed body, poison resistance, slowness 2, slow
metabolism 1, spit poison 2, AC +0
a: Spit Poison, End Transformation


You were on level 1 of the Dungeon.
You were not hungry.
You had grown temporary horns.
You visited 1 branch of the dungeon, and saw 1 of its levels.

You collected 44 gold pieces.

Inventory:

Hand weapons
 e - a +0 spear (weapon)
Missiles
 a - 12 arrows
Armour
 b - a +0 robe (worn)
Scrolls
 h - a scroll of teleportation {unknown}
 j - a scroll of identify {unknown}
Potions
 f - a potion of agility {unknown}
 g - a potion of brilliance {unknown}
 i - a potion of lignification {unknown}
 k - a potion of flight {unknown}
Books
 c - a book of Changes

   Spells                             Type                      Level
   a - Beastly Appendage              Transmutation                1
   b - Sticks to Snakes               Transmutation                2
   c - Spider Form                    Transmutation/Poison         3
   d - Ice Form                       Ice/Transmutation            4
   e - Blade Hands                    Transmutation                5
Comestibles
 d - a bread ration


   Skills:
 - Level 1.0 Fighting
 + Level 0.2 Polearms
 - Level 1.5 Dodging
 - Level 3.0 Unarmed Combat
 - Level 2.0 Spellcasting
 + Level 2.2 Transmutations


You had 3 spell levels left.
You knew the following spells:

 Your Spells              Type           Power        Failure   Level  Hunger
a - Beastly Appendage     Trmt           #.....       12%         1    ##.....


Dungeon Overview and Level Annotations

Branches:
Dungeon (1/15)

Altars:


Innate Abilities, Weirdness & Mutations

You cannot wear boots.
Your serpentine skin is tough (AC +0).
You have supernaturally acute eyesight.
Armour fits poorly on your strangely shaped body.
Your system is resistant to poisons.
You cover ground very slowly.
You have a slow metabolism.
You can spit poison.
You have a pair of horns on your head.


Message History

Use which ability? (? or * to list)
You can't do that yet.
You closely miss the hobgoblin. Your headbutt misses the hobgoblin.
The hobgoblin barely misses you.
You barely miss the hobgoblin.
The giant cockroach waves its antennae.
The hobgoblin hits you with a club.
You closely miss the hobgoblin. Your headbutt misses the hobgoblin.
The hobgoblin hits you with a club.
You barely miss the hobgoblin.
You have got your breath back.
The hobgoblin hits you with a club.
Your transformation is almost over.
You hit the hobgoblin.
The hobgoblin is heavily wounded.
The hobgoblin hits you with a club.
* * * LOW HITPOINT WARNING * * *
You hit the goblin but do no damage. The goblin misses you.
The hobgoblin hits you with a club.
You die...

......... #.# ........#
####.# ........# #.....
........# #...). #s#
#.[... #.# ##..... #K#
#.(.#.. ######g# ###.###
#....g@# #.#.. '####
#.###### #.#.#
.....######.# ######÷#..
............# #.........
............# ##.....####
...........##
########....÷.....
...........#
###.....##.#####.#..
...........###.....#.##.#
#.###
...........'.'..........#
#.###


You could see a giant cockroach, a hobgoblin, a goblin and a kobold.

Vanquished Creatures
  2 giant newts (D:1)
  A kobold (D:1)
  2 rats (D:1)
5 creatures vanquished.

Notes
Turn   | Place    | Note
--------------------------------------------------------------
     0 | D:1      | Steifyn the Naga Transmuter began the quest for the Orb.
     0 | D:1      | Reached XP level 1. HP: 18/18 MP: 3/3
   541 | D:1      | Slain by a hobgoblin

Vault maps used:
D:1:      dpeg_arrival_windows_large_door

Action                   || total
-------------------------++-------
Melee: Spear             ||    24
 Cast: Beastly Appendage ||     2
 Abil: Spit Poison       ||     1
 Stab: Sleeping          ||     1
